 Dungeon Crawl Stone Soup version 0.28-a0-1493-g08698888e4 (webtiles) character file.

Game seed: 13428914567110199275

249 derath95 the Skirmisher (level 5, -7/42 HPs)
             Began as a Demonspawn Fighter on Jan 12, 2022.
             Splashed by a jelly's acid (8 damage)
             ... on level 5 of the Dungeon.
             The game lasted 00:05:42 (2572 turns).

derath95 the Skirmisher (Demonspawn Fighter)        Turns: 2572, Time: 00:05:43

Health: -7/42      AC: -5    Str: 18    XL:     5   Next: 86%
Magic:  7/7        EV:  9    Int:  9    God:
Gold:   180        SH:  5    Dex: 13    Spells: 7/7 levels left

rFire   . . .      SeeInvis .   a - +0 war axe
rCold   . . .      Faith    .   c - +0 buckler
rNeg    . . .      Spirit   .   b - +0 scale mail
rPois   .          Reflect  .   (no helmet)
rElec   .          Harm     .   (no cloak)
rCorr   .          Rampage  .   (no gloves)
Will    .....                   (no boots)
Stlth   ..........              (no amulet)
HPRegen 0.14/turn               (no ring)
MPRegen 0.10/turn               (no ring)

@: corroded
A: demonic guardian 2
a: no special abilities


You were on level 5 of the Dungeon.
You visited 1 branch of the dungeon, and saw 4 of its levels.

You collected 180 gold pieces.

Inventory:

Hand Weapons
 a - a +0 war axe (weapon)
 m - a +0 flail
Armour
 b - a +0 scale mail (worn)
 c - a +0 buckler (worn)
Scrolls
 f - a scroll of fear {unknown}
 g - 2 scrolls of identify {unknown}
 h - 2 scrolls of magic mapping {unknown}
 i - a scroll of teleportation {unknown}
 k - a scroll of immolation {unknown}
 l - a scroll of vulnerability {unknown}
 q - a scroll of fog {unknown}
Potions
 d - a potion of might
 e - a potion of degeneration {unknown}
 j - a potion of lignification {unknown}
 n - a potion of heal wounds {unknown}
 o - a potion of mutation {unknown}
 p - 2 potions of magic {unknown}


   Skills:
 + Level 3.8 Fighting
 + Level 2.8(3.1) Axes
 + Level 1.6(2.5) Maces & Flails
 + Level 3.5 Armour
 + Level 3.4 Shields
 + Level 1.8 Spellcasting


You had 7 spell levels left.
You didn't know any spells.
Your spell library contained the following spells:

 Spells                   Type           Power      Damage    Failure   Level
 Ignite Poison            Fire/Tmut/Pois 0%         N/A       99%         3
 Mephitic Cloud           Conj/Pois/Air  0%         N/A       99%         3
 Freezing Cloud           Conj/Ice/Air   0%         6-21      100%        5


Dungeon Overview and Level Annotations

Branches:
Dungeon (3/15)

Altars:


Innate Abilities, Weirdness & Mutations

A demonic guardian rushes to your aid.


Message History

You hit the jelly.
Your hands burn!
The jelly is lightly wounded.
The jelly hits you but does no damage.
You hit the jelly.
Your hands burn!
The jelly is lightly wounded.
The jelly hits you.
You are splashed with acid.
The jelly closely misses you.
You hit the jelly but do no damage. The acid corrodes you!
Your hands burn!
The jelly is lightly wounded.
The jelly barely misses you.
You slash the jelly!
Your hands burn!
The jelly is severely wounded.
The jelly hits you.
You are splashed with acid!
You hit the jelly.
Your hands burn!
* * * LOW HITPOINT WARNING * * *
The jelly is almost dead.
You block the jelly's attack. x2
You slash the jelly!
You kill the jelly!
You are no longer corroded.
A centaur zombie comes into view.
A jelly comes into view.
You hear a distant slurping noise.
You hear a squelching noise.
You hear a distant slurping noise.
You hear a distant slurping noise.
A jelly is nearby!
The jelly quivers.
You slash the jelly! The acid corrodes you!
Your hands burn!
The jelly is moderately wounded.
The jelly hits you. The acid corrodes you!
You are splashed with acid!
You hit the jelly.
Your hands burn!
* * * LOW HITPOINT WARNING * * *
The jelly is moderately wounded.
The jelly hits you.
* * * LOW HITPOINT WARNING * * *
The acid corrodes you!
You are splashed with acid!
* * * LOW HITPOINT WARNING * * *
A demonic guardian appears!
The jelly hits you.
* * * LOW HITPOINT WARNING * * *
The acid corrodes you!
You are splashed with acid!
You die...

............................#
..........................#
........###+##............#
........#....#............#
#########.................#
#.....#.......######
#.....#.......#
#.....#J......#
#.....#@......#
#.....#.......#
##....#4......#
#....#.......# Z....#.......#
#.....### #.....# #.....#
#.....#


You could see a jelly (ally target) and a friendly orange demon (summoned).

Vanquished Creatures
  A hound (D:5)
  A jelly (D:5)
  2 gnolls (D:2)
  2 adders
  A worm (D:2)
  4 dart slugs
  5 bats
  2 endoplasms
  4 giant cockroaches
  2 goblins (D:1)
  4 hobgoblins
  2 jackals (D:1)
  4 kobolds
  3 quokkas (D:1)
  2 ball pythons
  5 rats
44 creatures vanquished.

Vanquished Creatures (collateral kills)
  An ogre (D:5)
  A gnoll (D:2)
2 creatures vanquished.

Grand Total: 46 creatures vanquished

Notes
Turn   | Place    | Note
-------+----------+-------------------------------------------
     0 | D:1      | derath95 the Demonspawn Fighter began the quest for the
                  | Orb.
     0 | D:1      | Reached XP level 1. HP: 18/18 MP: 1/1
   300 | D:1      | Gained mutation: A weak demonic guardian rushes to your
                  | aid. [demonic ancestry]
   300 | D:1      | Reached XP level 2. HP: 23/24 MP: 2/2
   930 | D:2      | Gained mutation: A demonic guardian rushes to your aid.
                  | [demonic ancestry]
   930 | D:2      | Reached XP level 3. HP: 10/29 MP: 3/3
  1688 | D:2      | Reached skill level 1 in Spellcasting
  1688 | D:2      | Reached XP level 4. HP: 18/35 MP: 5/5
  1695 | D:2      | Reached skill level 1 in Maces & Flails
  2097 | D:3      | You fall into a shaft and drop 2 floors!
  2097 | D:5      | Entered Level 5 of the Dungeon
  2189 | D:5      | Noticed an ogre
  2194 | D:5      | Killed an ogre
  2195 | D:5      | Reached XP level 5. HP: 21/42 MP: 5/7
  2572 | D:5      | HP: 1/42 [jelly (2)]
  2572 | D:5      | Splashed by a jelly's acid

Illustrated notes

Levels and vault maps discovered:
D:1:      lemuel_arrival_cross, layout_basic
D:2:      layout_basic
D:3:      layout_loops_ring, mainiacjoe_overflow_catwalk, serial_shops, shop,
          shapermc_ecumenical_altar_venn, uniq_crazy_yiuf_cottage, uniq_pargi
D:5:      layout_gridville, lemuel_crystal_altar, kennysheep_mini,
          chequers_mini_garden, uniq_edmund

Skill      XL: |  1  2  3  4 |
---------------+-------------+-----
Axes           | 2 |  2.8
Shields        | 3 |  3.4
Armour         | 3 |  3.5
Spellcasting   | 1 |  1.8
Maces & Flails | 1 |  1.6
Fighting       | |  3.8

Action                   |  1- 3 |  4- 6 || total
-------------------------+-------+-------++-------
Melee: War axe           |    99 |    27 ||   126
 Stab: Distracted        |     1 |       ||     1
Armor: Scale mail        |    50 |     8 ||    58
Dodge: Dodged            |    44 |     9 ||    53
Block: Buckler           |    20 |     8 ||    28

Table legend: (Time is in decaauts)
 A = Elapsed time spent in this place.
 B = Non-inter-level travel time spent in this place.
 C = Inter-level travel time spent in this place.
 D = Time resting spent in this place.
 E = Time spent auto-exploring this place.
 F = Levels seen in this place.
 G = Mean time per level.
                   A        B        C        D        E       F      G
               +--------+--------+--------+--------+--------+-----+--------+
         Total |   2625 |   2625 |      0 |      0 |   2192 |   4 |  656.2 |
       Dungeon |   2625 |   2625 |      0 |      0 |   2192 |   4 |  656.2 |
               +--------+--------+--------+--------+--------+-----+--------+

Top non-repeatable levels by time:
     D:2: 1192 daAuts
     D:1: 949 daAuts
     D:5: 483 daAuts
